 Dungeon Crawl Stone Soup version 0.31-a0-705-ga145531891 (webtiles) character file.

Game seed: 14181390338560576244

1675 zazu2006 the Protected (level 9, -8/73 HPs)
             Began as a Gnoll Wanderer on Sept 10, 2023.
             Mangled by a gnoll
             ... wielding a +2 whip of electrocution
             ... led by a gnoll bouda
              (18 damage)
             ... on level 7 of the Dungeon.
             The game lasted 00:15:06 (7265 turns).

zazu2006 the Protected (Gnoll Wanderer)             Turns: 7265, Time: 00:15:10

Health: -8/73      AC: 10    Str: 15    XL:     9   Next: 1%
Magic:  18/18      EV:  8    Int: 13    God:
Gold:   318        SH:  0    Dex: 11    Spells: 18/20 levels left

rFire   . . .        H - +0 dire flail
rCold   + . .        (shield currently unavailable)
rNeg    + . .        E - +2 chain mail {rC+}
rPois   .            A - +1 hat {Stlth+}
rElec   .            (no cloak)
rCorr   +            (no gloves)
SInv    .            (no boots)
Will    .....        C - amulet of magic regeneration
Stlth   +            f - ring of positive energy
HPRegen 0.32/turn    z - ring of resist corrosion
MPRegen 0.56/turn

%: no passive effects
@: no status effects
A: fangs 1, strong nose, distributed training, talons 1, deformed body,
deterioration 1, sense surroundings 1
a: no special abilities


You were on level 7 of the Dungeon.
You visited 1 branch of the dungeon, and saw 7 of its levels.
You also visited: Sewer.

You collected 318 gold pieces.

Inventory:

Hand Weapons
 e - a +0 hand axe
 x - a +0 mace
 H - a +0 dire flail (weapon)
Missiles
 K - 5 poisoned darts (quivered)
Armour
 d - a +2 scale mail
 A - a +1 hat of stealth (worn)
 E - a +2 chain mail of cold resistance (worn)
Magical Staves
 k - a staff of earth
Jewellery
 f - a ring of positive energy (left hand)
 y - a ring of positive energy
 z - a ring of resist corrosion (right hand)
 C - an amulet of magic regeneration (around neck)
 I - an amulet of the acrobat
Talismans
 s - a flux talisman
Wands
 r - a wand of polymorph (12)
 M - a wand of mindburst (11)
Scrolls
 a - 2 scrolls of enchant weapon {unknown}
 b - 2 scrolls of vulnerability
 c - a scroll of blinking
 g - 2 scrolls of noise {unknown}
 i - 2 scrolls of revelation
 j - 4 scrolls of identify
 l - 2 scrolls of fear {unknown}
 q - 2 scrolls of butterflies {unknown}
 t - 2 scrolls of torment
 u - 4 scrolls of amnesia
 v - 2 scrolls of acquirement {unknown}
 F - 2 scrolls of teleportation {unknown}
 G - 3 scrolls of fog {unknown}
 J - a scroll of poison {unknown}
Potions
 h - 5 potions of haste
 m - a potion of mutation
 n - a potion of heal wounds
 o - a potion of curing
 p - a potion of ambrosia {unknown}
 w - a potion of degeneration {unknown}
 B - a potion of might {unknown}
 D - a potion of invisibility {unknown}
 L - 3 potions of brilliance {unknown}


   Skills:
 + Level 7.6 Fighting
 + Level 3.8 Short Blades
 + Level 3.8 Long Blades
 + Level 3.8 Axes
 + Level 3.8 Maces & Flails
 + Level 3.8 Polearms
 + Level 3.8 Staves
 + Level 3.8 Ranged Weapons
 + Level 3.8 Throwing
 + Level 9.4 Armour
 + Level 3.8 Dodging
 + Level 3.8 Stealth
 + Level 3.8 Shields
 + Level 3.8 Unarmed Combat
 + Level 6.3 Spellcasting
 + Level 3.1 Conjurations
 + Level 3.1 Hexes
 + Level 3.1 Summonings
 + Level 3.1 Necromancy
 + Level 3.1 Translocations
 + Level 3.1 Transmutations
 + Level 3.1 Fire Magic
 + Level 3.9 Ice Magic
 + Level 3.1 Air Magic
 + Level 3.1 Earth Magic
 + Level 3.1 Poison Magic
 + Level 4.2 Invocations
 + Level 3.8 Evocations
 + Level 3.4 Shapeshifting


You had 18 spell levels left.
You knew the following spells:

 Your Spells              Type           Power      Damage    Failure   Level
a - Freeze                Ice            56%        1d7       30%         1
b - Magic Dart            Conj           48%        1d5       38%         1

Your spell library contained the following spells:

 Spells                   Type           Power      Damage    Failure   Level
 Searing Ray              Conj           24%        2d5       52%         2
 Sublimation of Blood     Necr           12%        N/A       52%         2
 Wereblood                Tmut           12%        N/A       52%         2
 Ozocubu's Armour         Ice            14%        N/A       67%         3
 Tukima's Dance           Hex            12%        N/A       77%         3
 Fulminant Prism          Conj/Hex       6%         3d7       99%         4
 Passage of Golubria      Tloc           12%        N/A       99%         4
 Petrify                  Tmut/Erth      12%        N/A       99%         4
 Irradiate                Conj/Tmut      6%         3d13      100%        5
 Yara's Violent Unravell  Hex/Tmut       6%         3d5       100%        5


Dungeon Overview and Level Annotations

Branches:
Dungeon (7/15)             Temple (0/1) D:5           Sewer (visited)

Altars:

Annotations:
D:5 1 runed translucent door, hattop's ghost, amateur OgCK


Innate Abilities, Weirdness & Mutations

You have very sharp teeth.
Your uncanny sense of smell can sniff out nearby items.
Your experience applies equally to all skills.
You have sharp toenails.
Armour fits poorly on your strangely shaped body.
Your body sometimes deteriorates upon taking damage.
You passively map a small area around you.


Message History

The gnoll closely misses you.
You have reached level 9!
Your experience leads to an increase in your attributes!
Increase (S)trength, (I)ntelligence, or (D)exterity?
You feel clever. x2
Unknown command.
The gnoll hits you with a +0 spear.
Things that are here:
a +0 club; a +0 leather armour; a gnoll corpse You hit the gnoll.
You bite the gnoll.
The gnoll is moderately wounded.
Your attacks no longer feel as feeble.
The gnoll hits you but does no damage.
You hit the gnoll.
The gnoll is severely wounded.
The gnoll hits you with a +0 spear.
You closely miss the gnoll.
The gnoll is severely wounded.
The gnoll hits you with a +0 spear.
You hit the gnoll. You claw the gnoll.
You kill the gnoll!
The gnoll is no longer moving quickly.
The gnoll hits you with a +2 whip of electrocution.
You barely miss the gnoll. The gnoll hits you but does no damage.
You are electrocuted!
You barely miss the gnoll. You claw the gnoll.
The gnoll is moderately wounded.
The gnoll hits you but does no damage.
You closely miss the gnoll. You claw the gnoll, but do no damage.
The gnoll is moderately wounded.
The gnoll hits you with a +2 whip of electrocution.
You are electrocuted!!
* * * LOW HITPOINT WARNING * * *
You hit the gnoll. You claw the gnoll.
The gnoll is heavily wounded.
The gnoll is no longer moving quickly.
The gnoll hits you with a +2 whip of electrocution.
* * * LOW HITPOINT WARNING * * *
You are electrocuted!!
You die...

))..# * *, ###.# * ,
###### <##.# *
########## #..... .##.#
* .........###.####
.##.# * ######........#
.##.# , * #............#
....# * #.#.<........#
#####***
#.#.######.###........##
....ggg@................
*
#.#.##########........##
,, , #........# , , ,
*### ######.#### , ... ,
, ..# #..... ...,,.#
*#.# ###### * #)#
...###.# ########. #.#
#...##.#######........
#.#
#.#.##.#.........#####


You could see 3 gnolls.

Vanquished Creatures
  Sigmund (D:2)
  A yak (D:5)
  A water moccasin (Sewer)
  An ice beast (D:7)
  2 centaurs
  An ogre (D:7)
  A phantom (D:4)
  A kobold brigand (D:7)
  A bullfrog (D:4)
  A scorpion (D:5)
  2 hounds (D:6)
  2 jellies
  3 sleepcaps
  A gnoll bouda (D:7)
  4 iguanas (D:6)
  2 orc wizards
  9 gnolls
  A river rat (D:6)
  5 adders
  A white imp (D:7)
  4 worms
  7 dart slugs
  13 orcs
  3 bats
  2 endoplasms
  13 giant cockroaches
  10 goblins
  A hobgoblin (D:1)
  13 jackals
  14 kobolds
  6 quokkas
  6 ball pythons
  A frilled lizard (D:1)
  5 rats
139 creatures vanquished.

Notes
Turn   | Place    | Note
-------+----------+-------------------------------------------
     0 | D:1      | zazu2006 the Gnoll Wanderer began the quest for the Orb.
     0 | D:1      | zazu2006 set off with the following items: a +0 club, a
                  | scroll of vulnerability, a scroll of blinking, a +2 scale
                  | mail; and the following spell memorised: Freeze; and the
                  | following spells available to memorise: Ozocubu's Armour.
     0 | D:1      | Reached XP level 1. HP: 23/23 MP: 6/6
    70 | D:1      | Reached XP level 2. HP: 25/29 MP: 7/7
   319 | D:1      | Reached XP level 3. HP: 35/35 MP: 9/9
   321 | D:1      | Reached skill level 5 in Spellcasting
   389 | D:1      | Reached skill level 1 in Invocations
   458 | D:1      | Found a faded altar of an unknown god.
   873 | D:2      | Reached skill level 1 in Short Blades
   873 | D:2      | Reached skill level 1 in Long Blades
   873 | D:2      | Reached skill level 1 in Axes
   873 | D:2      | Reached skill level 1 in Maces & Flails
   873 | D:2      | Reached skill level 1 in Polearms
   873 | D:2      | Reached skill level 1 in Staves
   873 | D:2      | Reached skill level 1 in Ranged Weapons
   873 | D:2      | Reached skill level 1 in Throwing
   873 | D:2      | Reached skill level 1 in Dodging
   873 | D:2      | Reached skill level 1 in Stealth
   873 | D:2      | Reached skill level 1 in Shields
   873 | D:2      | Reached skill level 1 in Unarmed Combat
   873 | D:2      | Reached skill level 1 in Evocations
   889 | D:2      | Reached XP level 4. HP: 31/41 MP: 11/11
   895 | D:2      | Reached skill level 1 in Shapeshifting
   895 | D:2      | Noticed Sigmund
  1087 | D:2      | HP: 2/41 [something (9)]
  1091 | D:2      | Killed Sigmund
  1092 | D:2      | Reached skill level 1 in Conjurations
  1092 | D:2      | Reached skill level 1 in Hexes
  1092 | D:2      | Reached skill level 1 in Summonings
  1092 | D:2      | Reached skill level 1 in Necromancy
  1092 | D:2      | Reached skill level 1 in Translocations
  1092 | D:2      | Reached skill level 1 in Transmutations
  1092 | D:2      | Reached skill level 1 in Fire Magic
  1092 | D:2      | Reached skill level 1 in Air Magic
  1092 | D:2      | Reached skill level 1 in Earth Magic
  1092 | D:2      | Reached skill level 1 in Poison Magic
  1092 | D:2      | Reached XP level 5. HP: 31/47 MP: 12/12
  1092 | D:2      | Reached XP level 6. HP: 35/53 MP: 13/13
  2932 | D:4      | Reached XP level 7. HP: 53/59 MP: 15/15
  3768 | D:5      | Entered Level 5 of the Dungeon
  3839 | D:5      | Found a staircase to the Ecumenical Temple.
  4266 | D:5      | Found a runed translucent door.
  4267 | D:5      | Noticed hattop's ghost (amateur OgCK)
  4808 | D:6      | Reached skill level 9 in Armour
  4940 | D:6      | Found a glowing drain.
  4944 | Sewer    | Entered a sewer
  5151 | Sewer    | Reached XP level 8. HP: 37/67 MP: 16/16
  5632 | D:6      | Noticed a yak
  5648 | D:6      | Noticed a yak
  5649 | D:6      | Noticed a yak
  5666 | D:5      | Killed a yak
  5997 | D:6      | Learned a level 1 spell: Magic Dart
  7028 | D:7      | Gained mutation: Your body sometimes deteriorates upon
                  | taking damage. [potion of mutation]
  7028 | D:7      | Gained mutation: Armour fits poorly on your strangely
                  | shaped body. [potion of mutation]
  7028 | D:7      | Gained mutation: You passively map a small area around you.
                  | [potion of mutation]
  7028 | D:7      | Gained mutation: You have sharp toenails. [potion of
                  | mutation]
  7257 | D:7      | Reached XP level 9. HP: 57/73 MP: 18/18
  7265 | D:7      | Mangled by a gnoll

Illustrated notes

Levels and vault maps discovered:
D:1:      dpeg_arrival_simpleton_b, layout_loops_cross,
          shapermc_ecumenical_altar_notcrosses
D:2:      minmay_roachtagon, layout_rooms, uniq_sigmund
D:3:      layout_loops_ring, minmay_misc_feat_chi, minmay_cut_off
D:4:      layout_basic
D:5:      layout_gridville, temple_hall, hellmonk_ghost_happy_afterlife,
          minmay_holes, kennysheep_donut
D:6:      layout_rooms, gup_sewer_entry_bowl
D:7:      layout_basic, nicolae_hepliaklqana_monster_ancestors,
          reono_crystal_passage, uniq_maggie

Skill      XL: |  1  2  3  4  5  6  7  8 |
---------------+-------------------------+-----
Ice Magic      | 2 3 |  3.9
Spellcasting   | 5 6 |  6.3
Invocations    | 1 2 3 4 |  4.2
Short Blades   | 1 2 3 |  3.8
Long Blades    | 1 2 3 |  3.8
Axes           | 1 2 3 |  3.8
Maces & Flails | 1 2 3 |  3.8
Polearms       | 1 2 3 |  3.8
Staves         | 1 2 3 |  3.8
Ranged Weapons | 1 2 3 |  3.8
Throwing       | 1 2 3 |  3.8
Dodging        | 1 2 3 |  3.8
Stealth        | 1 2 3 |  3.8
Shields        | 1 2 3 |  3.8
Unarmed Combat | 1 2 3 |  3.8
Evocations     | 1 2 3 |  3.8
Shapeshifting  | 1 2 3 |  3.4
Conjurations   | 1 2 3 |  3.1
Hexes          | 1 2 3 |  3.1
Summonings     | 1 2 3 |  3.1
Necromancy     | 1 2 3 |  3.1
Translocations | 1 2 3 |  3.1
Transmutations | 1 2 3 |  3.1
Fire Magic     | 1 2 3 |  3.1
Air Magic      | 1 2 3 |  3.1
Earth Magic    | 1 2 3 |  3.1
Poison Magic   | 1 2 3 |  3.1
Fighting       | 7 |  7.6
Armour         | 9 |  9.4

Action                     |  1- 3 |  4- 6 |  7- 9 || total
---------------------------+-------+-------+-------++-------
  Melee: Hand axe          |   115 |   247 |   207 ||   569
         Club              |     9 |       |       ||     9
         Bite              |     7 |    31 |    41 ||    79
         Punch             |     1 |     5 |     3 ||     9
         Dire flail        |       |       |   162 ||   162
         Kick              |       |       |    10 ||    10
  Throw: Dart              |       |       |     4 ||     4
   Cast: Freeze            |       |     1 |       ||     1
  Evoke: Wand              |       |       |     1 ||     1
    Use: Potion            |       |     4 |     4 ||     8
         Scroll            |       |       |     3 ||     3
   Stab: Sleeping          |       |       |     1 ||     1
 Armour: Scale mail        |   161 |   201 |    73 ||   435
         Chain mail        |       |       |   285 ||   285
  Dodge: Dodged            |    93 |   113 |   204 ||   410

Table legend: (Time is in decaauts)
 A = Elapsed time spent in this place.
 B = Non-inter-level travel time spent in this place.
 C = Inter-level travel time spent in this place.
 D = Time resting spent in this place.
 E = Time spent auto-exploring this place.
 F = Levels seen in this place.
 G = Mean time per level.
                   A        B        C        D        E       F      G
               +--------+--------+--------+--------+--------+-----+--------+
         Total |   7406 |   7192 |    214 |    331 |   5144 |   8 |  925.8 |
       Dungeon |   6939 |   6725 |    214 |    226 |   4894 |   7 |  991.3 |
         Sewer |    466 |    466 |      0 |    105 |    249 |   1 |  466.0 |
               +--------+--------+--------+--------+--------+-----+--------+

Top non-repeatable levels by time:
     D:5: 1191 daAuts
     D:4: 1145 daAuts
     D:7: 1093 daAuts
     D:1: 963 daAuts
     D:3: 901 daAuts
     D:2: 830 daAuts
     D:6: 812 daAuts
   Sewer: 466 daAuts
